 Dungeon Crawl Stone Soup version 0.21.1-1-g345015fe64 (webtiles) character file.

866 Mrkan the Chiller (level 7, -5/50 HPs)
             Began as a Black Draconian Ice Elementalist on July 19, 2018.
             Slain by Ablot's ghost (12 damage)
             ... on level 4 of the Dungeon.
             The game lasted 00:11:36 (5981 turns).

Mrkan the Chiller (DrIE)                            Turns: 5981, Time: 00:11:36

Health: -5/50      AC:  6    Str: 10    XL:     7   Next: 72%
Magic:  6/14       EV: 12    Int: 18    God:
Gold:   201        SH:  0    Dex: 11    Spells: 9/15 levels left

rFire    . . .     SeeInvis .   x - +1 falchion (freeze)
rCold    . . .     Gourm    .   (no shield)
rNeg     . . .     Faith    .   (armour unavailable)
rPois    .         Spirit   .   (helmet restricted)
rElec    +         Reflect  .   (no cloak)
rCorr    .         Harm     .   (no gloves)
MR       .....                  (no boots)
Stlth    ++........             (no amulet)
HPRegen  0.16/turn              (no ring)
MPRegen  0.14/turn              (no ring)

@: no status effects
A: breathe lightning, unfitting armour, electricity resistance, cold-blooded, AC
+6
a: Breathe Lightning


You were on level 4 of the Dungeon.
You were not hungry.

You visited 1 branch of the dungeon, and saw 4 of its levels.

You collected 201 gold pieces.

Inventory:

Hand Weapons
 c - a +4 short sword
 x - a +1 falchion of freezing (weapon)
Missiles
 D - a throwing net (quivered)
Armour
 B - a +2 cloak
Jewellery
 f - an uncursed ring of protection from cold {unknown}
 t - an uncursed ring of see invisible {unknown}
 y - an uncursed ring of magical power {unknown}
 C - a cursed ring of loudness {unknown}
 F - a cursed -5 ring of intelligence {unknown}
Scrolls
 e - 4 scrolls of remove curse {unknown}
 g - a scroll of amnesia {unknown}
 h - a scroll of blinking {unknown}
 i - a scroll of enchant weapon {unknown}
 k - a scroll of fog {unknown}
 l - a scroll of noise {unknown}
 m - a scroll of fear {unknown}
 n - 2 scrolls of teleportation {unknown}
 r - 2 scrolls of magic mapping {unknown}
 z - 2 scrolls of identify {unknown}
 A - a scroll of enchant armour {unknown}
Potions
 d - 2 potions of curing {unknown}
 j - a potion of lignification {unknown}
 o - a potion of brilliance {unknown}
 p - 2 potions of mutation {unknown}
 q - a potion of haste {unknown}
 s - a potion of degeneration {unknown}
 u - a potion of flight {unknown}
 v - 2 potions of agility
 w - a potion of heal wounds {unknown}
Books
 a - a book of Frost

   Spells                             Type                      Level
   a - Freeze                         Ice                          1
   b - Throw Frost                    Conjuration/Ice              2
   c - Ozocubu's Armour               Charms/Ice                   3
   d - Throw Icicle                   Conjuration/Ice              4
   e - Summon Ice Beast               Ice/Summoning                4
Comestibles
 b - 6 rations


   Skills:
 - Level 2.0 Dodging
 - Level 2.0 Stealth
 + Level 4.9 Spellcasting
 - Level 1.0 Conjurations
 * Level 7.7 Ice Magic


You had 9 spell levels left.
You knew the following spells:

 Your Spells              Type           Power        Failure   Level  Hunger
a - Freeze                Ice            ####         1%          1    None
b - Throw Frost           Conj/Ice       ###...       3%          2    #......
c - Ozocubu's Armour      Chrm/Ice       ###.....     9%          3    ###....


Dungeon Overview and Level Annotations

Branches:
Dungeon (4/15)
 Temple: D:4-7

Altars:
Cheibriados
Dithmenos
Okawaru
Uskayaw
Yredelemnul
Zin

Annotations:
D:4 Ablot's ghost, novice GrFi


Innate Abilities, Weirdness & Mutations

You can breathe wild blasts of lightning.
Your glossy black scales are hard. (AC +6)
You cannot fit into any form of body armour.
You are resistant to electric shocks. (rElec)
You are cold-blooded and may be slowed by cold attacks.


Message History

Ablot's ghost hits you!
* * * LOW HITPOINT WARNING * * *
Casting: Throw Frost
Confirm with . or Enter, or press ? or * to list all spells.
Aiming: Freeze
Press: ? - help, Shift-Dir - straight line, f - Ablot's ghost
Aim: Ablot's ghost You freeze Ablot's ghost.
Ablot's ghost is lightly damaged.
Ablot's ghost hits you.
* * * LOW HITPOINT WARNING * * *
Casting: Freeze
Confirm with . or Enter, or press ? or * to list all spells.
Aiming: Freeze
Press: ? - help, Shift-Dir - straight line, f/p - Ablot's ghost
Aim: Ablot's ghost (lightly damaged)
You freeze Ablot's ghost.
Ablot's ghost is moderately damaged.
Ablot's ghost hits you!
You die...

#.###.######.#
########.# # #.#
.... #.##
###..##.#####..#. #
###...
.............(###...
#.....
####.###..##..## ..#
#.#.#. # ##.##
..#..# #.#.#.
..###..##.....## .
....
...........(.....
.......
...#..##W@....... #.
..... # #.#
##..._...# ..#...
<.. ......... ###.
)... .......... #...
..##.....## ##. #.#
..#..# #. .###..# #
.# ...


You could see Ablot's ghost.

Vanquished Creatures
  Sigmund (D:2)
  Menkaure (D:4)
  The ghost of Tali the Skirmisher, a weakling MiFi (D:3)
  A howler monkey (D:4)
  Crazy Yiuf (D:3)
  A centaur skeleton (D:4)
  Jessica (D:2)
  Natasha (twice) (D:3)
  Terence (D:3)
  2 iguanas (D:4)
  3 orc wizards
  A worker ant (D:4)
  3 gnolls
  6 adders
  2 oozes
  2 worms (D:2)
  A dart slug (D:1)
  2 leopard geckos
  17 orcs
  8 bats
  4 giant cockroaches
  7 goblins
  9 hobgoblins
  5 jackals
  5 kobolds
  2 quokkas
  2 ball pythons
  3 frilled lizards
  A leopard gecko skeleton (D:4)
  9 rats
104 creatures vanquished.

Notes
Turn   | Place    | Note
-------+----------+-------------------------------------------
     0 | D:1      | Mrkan the Draconian Ice Elementalist began the quest for the Orb.
     0 | D:1      | Reached XP level 1. HP: 14/14 MP: 3/3
   648 | D:1      | Reached XP level 2. HP: 7/20 MP: 0/5
  1684 | D:2      | Reached XP level 3. HP: 25/26 MP: 1/6
  1922 | D:2      | Noticed Jessica
  1924 | D:2      | Killed Jessica
  1924 | D:2      | Reached skill level 4 in Ice Magic
  1924 | D:2      | Reached XP level 4. HP: 33/33 MP: 4/8
  1974 | D:2      | Found a snail-covered altar of Cheibriados.
  2071 | D:2      | Noticed Sigmund
  2614 | D:2      | Found a faded altar of an unknown god.
  2614 | D:2      | Found a basalt altar of Yredelemnul.
  2642 | D:2      | Found a faded altar of an unknown god.
  2648 | D:2      | Found an iron altar of Okawaru.
  2650 | D:2      | Found a hide-covered altar of Uskayaw.
  2769 | D:2      | Killed Sigmund
  2769 | D:2      | Reached skill level 5 in Ice Magic
  2769 | D:2      | Reached XP level 5. HP: 37/38 MP: 1/10
  2769 | D:2      | Reached XP level 6. HP: 44/45 MP: 1/11
  3104 | D:2      | Learned a level 2 spell: Throw Frost
  3108 | D:2      | Learned a level 3 spell: Ozocubu's Armour
  3140 | D:3      | Noticed Tali's ghost (weakling MiFi)
  3149 | D:3      | Killed Tali's ghost
  3509 | D:3      | Reached skill level 6 in Ice Magic
  3855 | D:3      | Found a glowing silver altar of Zin.
  3901 | D:3      | Noticed Terence
  3909 | D:3      | Killed Terence
  4092 | D:3      | Noticed Natasha
  4100 | D:3      | Killed Natasha
  4503 | D:3      | Found a runed door.
  4507 | D:3      | Noticed Crazy Yiuf
  4512 | D:3      | Killed Crazy Yiuf
  4575 | D:3      | Noticed Natasha
  4582 | D:3      | Killed Natasha
  4582 | D:3      | Your scales start taking on a glossy black colour.
  4582 | D:3      | Reached XP level 7. HP: 45/50 MP: 0/13
  4582 | D:3      | Gained mutation: You are resistant to electric shocks. (rElec) [Black Draconian growth]
  5135 | D:4      | Reached skill level 7 in Ice Magic
  5960 | D:4      | Found a shadowy altar of Dithmenos.
  5969 | D:4      | Noticed Menkaure
  5972 | D:4      | Noticed Ablot's ghost (novice GrFi)
  5976 | D:4      | Killed Menkaure
  5981 | D:4      | Slain by Ablot's ghost

Skill      XL: |  1  2  3  4  5  6  7 |
---------------+----------------------+-----
Stealth        | 2 |  2.0
Dodging        | 2 |  2.0
Ice Magic      | 4 5 6 7 |  7.7
Spellcasting   | 3 4 |  4.9
Conjurations   | |  1.0

Action                   |  1- 3 |  4- 6 |  7- 9 || total
-------------------------+-------+-------+-------++-------
Melee: Unarmed           |    20 |       |       ||    20
       Tailslap          |     6 |    11 |     5 ||    22
       Short sword       |    30 |    73 |       ||   103
       Falchion          |       |    47 |    74 ||   121
 Cast: Freeze            |    28 |    39 |     7 ||    74
       Throw Frost       |       |    15 |    21 ||    36
       Ozocubu's Armour  |       |     4 |     2 ||     6
 Stab: Sleeping          |       |     3 |     1 ||     4
  Eat: Chunk             |     3 |    10 |     5 ||    18
Armor: Skin              |    17 |    45 |    25 ||    87
Dodge: Dodged            |    46 |    78 |    42 ||   166
       Rpst.: Falchion   |       |    11 |    20 ||    31
